[Event "Team 45 45 League T89"]
[Site "Internet Chess Club"]
[Date "2021.08.09"]
[Round "5"]
[White "nidusin2"]
[Black "fvafier"]
[Result "0-1"]
[WhiteElo "1627"]
[BlackElo "1523"]
[Opening "French defense"]
[ECO "C00"]
[Time "11:30:17"]
[TimeControl "2700+45"]

1. e4 e6 2. Nc3 d5 3. exd5 exd5 4. d4 Nf6 5. Nf3 Be7 6. h3 O-O 7. Bd3 Nc6 8. a3
h6 9. b4 a6 10. Na4 b5 11. Nc5 Re8 12. O-O Bxc5 13. bxc5 Na5 14. a4 c6 15. Ne5
Qc7 16. Qf3 Nc4 17. Bxc4 bxc4 18. Bxh6 Nh7 19. Qg3 f6 20. Qg6 Re7 21. Ng4 Bxg4
22. Qxg4 Re4 23. f4 Kh8 24. Qh5 gxh6 25. Qxh6 Qg7 26. Qh4 Rg8 27. g4 Rge8 28.
Rab1 Qc7 29. Qh6 Rxd4 30. Rb6 a5 31. Rfb1 Qxf4 32. Qh5 Qg3+ 33. Kh1 Qf3+ 34. Kg1
Qg3+ 35. Kh1 Qf3+ 36. Kg1 Qe3+ 37. Kh1 Qe4+ 38. Kg1 Rd2 39. Qxe8+ Qxe8 40. Rb8
Qxb8 41. Rxb8+ Kg7 42. Rc8 Rxc2 43. Rxc6 Kf7 44. Rc7+ Kg6 45. c6 Re2 46. Rd7 Re6
47. c7 Rc6 48. Kf2 Nf8 49. Rxd5 Rxc7 50. Ke3 Nd7 51. Kd2 Ne5 52. Rxa5 Rc6 53.
Kc3 Kg5 54. Rb5 Ra6 55. a5 Kh4 56. Kb4 Nc6+ 57. Kxc4 Nxa5+ 58. Kd5 Kxh3 59. Rb4
Kh4 60. Ra4 Kg5 61. Kc5 Nb7+ {White resigns} 0-1

[Event "Team 45 45 League T89"]
[Site "Internet Chess Club"]
[Date "2021.08.08"]
[Round "5"]
[White "Denis240964"]
[Black "Insan996"]
[Result "0-1"]
[WhiteElo "1432"]
[BlackElo "1612"]
[Opening "Nimzo-Indian: 4.e3 c5"]
[ECO "E41"]
[Time "13:09:18"]
[TimeControl "2700+45"]

1. d4 Nf6 2. c4 e6 3. Nc3 Bb4 4. e3 c5 5. Nf3 O-O 6. Qc2 b6 7. Bd2 Bb7 8. Be2 d6
9. O-O Nbd7 10. a3 Bxc3 11. bxc3 Ne4 12. Be1 f5 13. Nd2 Nxd2 14. Bxd2 Qg5 15. f3
Nf6 16. e4 f4 17. Bd3 e5 18. d5 Bc8 19. Rf2 h5 20. Bf1 h4 21. Kh1 Nh5 22. Be2
Ng3+ 23. Kg1 Rf6 24. Bf1 Rg6 25. Be1 Nxf1 26. Kxf1 h3 27. Ra2 hxg2+ 28. Kg1 Bh3
29. Qa4 Qe7 30. Rae2 Kf7 31. Qc2 Qb7 32. Qb2 Qa6 33. Qb3 Rh8 34. Ra2 Rgh6 35.
Qb5 Qb7 36. a4 Bd7 37. Qb2 Rxh2 38. Rxg2 Rh1+ 39. Kf2 R8h2 40. Bd2 Bh3 41. Rxh2
Rxh2+ 42. Ke1 Rh1+ 43. Kf2 Qe7 44. Ra1 Qh4+ 45. Ke2 Rh2+ 46. Kd1 Qf2 47. Kc2
Qxd2+ 48. Kb3 Qxb2# {White checkmated} 0-1

[Event "Team 45 45 League T89"]
[Site "Internet Chess Club"]
[Date "2021.08.09"]
[Round "5"]
[White "fireball"]
[Black "DaveTheRook"]
[Result "0-1"]
[WhiteElo "1504"]
[BlackElo "1460"]
[Opening "Sicilian: Smith-Morra gambit"]
[ECO "B21"]
[Time "17:02:12"]
[TimeControl "2700+45"]

1. e4 c5 2. d4 cxd4 3. c3 dxc3 4. Nxc3 Nc6 5. Nf3 e6 6. Bc4 a6 7. O-O d6 8. Qe2
Be7 9. Rd1 Bd7 10. Bf4 e5 11. Be3 b5 12. Bd5 Rc8 13. Rac1 Nf6 14. Bb3 Na5 15.
Nd5 Nxb3 16. Bb6 Nxc1 17. Qe1 Nxd5 18. Bxd8 Rxd8 19. exd5 Rc8 20. Rxc1 O-O 21.
h3 Rxc1 22. Qxc1 Rc8 23. Qd2 Bd8 24. Ng5 Bf5 25. Nf3 h6 26. Qb4 Rc1+ 27. Kh2 Rc5
28. Nxe5 a5 29. Qd4 Bf6 30. f4 Rc2 31. Qe3 dxe5 32. fxe5 Bg5 33. Qf3 Bg6 34. d6
Rd2 35. Qc6 Bf4+ 36. Kg1 Kh7 37. Qxb5 Bg3 38. Qa4 Bc2 39. Qg4 Rd1+ 40. Qxd1 Bxd1
41. b3 Bxe5 42. d7 Bc7 43. Kf2 Bc2 44. g4 Bb1 45. a3 Ba2 46. b4 axb4 47. axb4
Be6 48. Ke3 Bxd7 49. Kd4 Kg6 50. Kc5 Kg5 51. b5 Bxb5 52. Kxb5 Kh4 {White
resigns} 0-1

[Event "Team 45 45 League T89"]
[Site "Internet Chess Club"]
[Date "2021.08.06"]
[Round "5"]
[White "Megasus"]
[Black "smsxman"]
[Result "0-1"]
[WhiteElo "1401"]
[BlackElo "1319"]
[Opening "Queen's pawn game"]
[ECO "D05"]
[Time "12:00:23"]
[TimeControl "2700+45"]

1. Nf3 Nf6 2. d4 d5 3. e3 e6 4. Nbd2 b6 5. a3 Bb7 6. Ne5 Bd6 7. Ndf3 Nc6 8. Bb5
O-O 9. Nxc6 Bxc6 10. Bxc6 Rb8 11. Qd3 Qe7 12. Qa6 h6 13. Qxa7 b5 14. Qa5 b4 15.
Bd2 Ne4 16. Bxb4 Rxb4 17. b3 Rb6 18. Bb5 Rfb8 19. Bd3 Nf6 20. O-O Qd8 21. Qc3 c6
22. Rfb1 Bc7 23. a4 Qd6 24. a5 Rb4 25. Ne5 c5 26. Qe1 cxd4 27. exd4 Rxd4 28. c3
Rxd3 29. Nxd3 Qxh2+ 30. Kf1 Ne4 31. Ke2 Qxg2 32. Kd1 Qf3+ 33. Kc2 Rc8 34. Qe3
Qf5 35. Rc1 Nf6 36. a6 Nd7 37. Qa7 d4 38. Qxd4 Nb6 39. Kb2 e5 40. Qc5 Qxd3 41.
Rd1 Qe2+ 42. Kc1 e4 43. Qe3 Qg4 44. Kc2 Qe6 45. a7 Na8 46. Ra4 f5 47. Qc5 Be5
48. Qxc8+ Qxc8 49. Rc4 Qb7 50. Rd8+ Kh7 51. Rcc8 Qxa7 52. Rxa8 Qxf2+ 53. Rd2 Qf3
{White resigns} 0-1

[Event "Team 45 45 League T89"]
[Site "Internet Chess Club"]
[Date "2021.08.04"]
[Round "5"]
[White "handsomematch"]
[Black "QuieroAprender"]
[Result "0-1"]
[WhiteElo "1395"]
[BlackElo "1679"]
[Opening "Ruy Lopez: Cozio defense"]
[ECO "C60"]
[Time "13:06:21"]
[TimeControl "2700+45"]

1. e4 e5 2. Nf3 Nc6 3. Bb5 Nge7 4. O-O g6 5. c3 Bg7 6. d4 exd4 7. cxd4 O-O 8.
Be3 a6 9. Ba4 d6 10. Re1 Bd7 11. Nbd2 Nb4 12. Bxd7 Qxd7 13. Qb3 Nbc6 14. Rac1
Kh8 15. d5 Nd8 16. Rc2 c5 17. Qb6 f5 18. Bf4 fxe4 19. Nxe4 Rxf4 20. Qxd6 Qxd6
21. Nxd6 Nxd5 22. Re8+ Rf8 23. Rxc5 Rxe8 24. Nxe8 Ne6 25. Rxd5 Rxe8 26. h3 Bxb2
27. Rd7 Nc5 28. Rc7 b6 29. Rc6 Re6 30. Rc8+ Kg7 31. Ng5 Re1+ 32. Kh2 Be5+ 33. g3
Re2 {White resigns} 0-1

[Event "Team 45 45 League T89"]
[Site "Internet Chess Club"]
[Date "2021.08.05"]
[Round "5"]
[White "kabindra"]
[Black "aec7r3b"]
[Result "1-0"]
[WhiteElo "1687"]
[BlackElo "1224"]
[Opening "Giuoco Piano"]
[ECO "C50"]
[Time "16:30:25"]
[TimeControl "2700+45"]

1. e4 e5 2. Bc4 Bc5 3. Nf3 Nc6 4. O-O Nf6 5. d4 Bxd4 6. Nxd4 Nxd4 7. Bg5 h6 8.
f4 Qe7 9. Bxf6 gxf6 10. Kh1 d6 11. fxe5 dxe5 12. c3 Ne6 13. Qf3 Ng5 14. Qxf6
Qxf6 15. Rxf6 Nxe4 16. Bxf7+ Ke7 17. Rf1 Rf8 18. Bc4 Be6 19. Bd3 Nf2+ 20. Rxf2
Rxf2 21. Na3 Rxb2 22. Re1 Rxa2 23. Nb5 c6 24. Nc7 Rc8 25. Nxe6 Rd2 26. Bf5 Rg8
27. g3 Rf2 28. Bh3 Kf6 29. Nc5 Rc2 30. Nd7+ Kg7 31. Rxe5 Rxc3 32. Re7+ Kg6 33.
Ne5+ Kf6 34. Re6+ Kg7 35. Bf5 Rf8 36. g4 Rh3 37. Kg2 Rc3 38. Rg6+ Kh7 39. Nd7
Rxf5 40. gxf5 Rc2+ 41. Kh3 Rc3+ 42. Kh4 Kh8 43. Nf6 Rc4+ 44. Kh5 Rc5 45. Rg8#
{Black checkmated} 1-0

[Event "Team 45 45 League T89"]
[Site "Internet Chess Club"]
[Date "2021.08.06"]
[Round "5"]
[White "eevee11"]
[Black "julesraider"]
[Result "0-1"]
[WhiteElo "1278"]
[BlackElo "1534"]
[Opening "Caro-Kann: classical, Spassky variation"]
[ECO "B19"]
[Time "16:00:30"]
[TimeControl "2700+45"]

1. e4 c6 2. d4 d5 3. Nc3 dxe4 4. Nxe4 Bf5 5. Ng3 Bg6 6. h4 h6 7. Nf3 Nd7 8. h5
Bh7 9. Bd3 Bxd3 10. Qxd3 e6 11. Bd2 Ngf6 12. O-O-O Qc7 13. Rde1 Be7 14. Ne4 O-O
15. Reg1 c5 16. g4 Nxe4 17. Qxe4 Nf6 18. Qd3 c4 19. Qe3 Nd5 20. Qe4 c3 21. Be1
cxb2+ 22. Kb1 Rac8 23. g5 Nf4 24. gxh6 f5 25. Rxg7+ Kh8 26. Rxe7 fxe4 27. Rxc7
Rxc7 28. Ng5 Rfc8 29. Bd2 Ne2 30. Re1 Nxd4 31. Rg1 e5 32. Rg4 Nf3 33. Nxf3 exf3
34. c3 Rd8 35. Be3 Rxc3 36. Bxa7 Rd2 37. Rg1 Kh7 38. Bb8 Re2 39. Ba7 Kxh6 40.
Rh1 b5 {White resigns} 0-1

[Event "Team 45 45 League T89"]
[Site "Internet Chess Club"]
[Date "2021.08.09"]
[Round "5"]
[White "Conjurer"]
[Black "buptwy"]
[Result "1-0"]
[WhiteElo "1187"]
[BlackElo "1099"]
[Opening "Grünfeld with Bf4 & e3"]
[ECO "D93"]
[Time "17:04:13"]
[TimeControl "2700+45"]

1. d4 Nf6 2. Bf4 g6 3. e3 Bg7 4. Nf3 O-O 5. c4 d5 6. Nc3 c5 7. Nb5 a6 8. Nc7 Ra7
9. cxd5 Nxd5 10. Nxd5 Qa5+ 11. Nd2 Nc6 12. Bc7 Bg4 13. f3 Qxc7 14. Nxc7 Bc8 15.
Bc4 b5 16. Bd5 Na5 17. Rc1 Rxc7 18. Rxc5 Rxc5 19. dxc5 Bxb2 20. O-O Rd8 21. Nb3
Be6 22. e4 Nxb3 23. axb3 Bc8 24. Bxf7+ Kxf7 25. Qxd8 Be6 26. Rb1 Bf6 27. b4 Kg7
28. Qb6 Bd4+ 29. Kh1 {Black resigns} 1-0

[Event "Team 45 45 League T89"]
[Site "Internet Chess Club"]
[Date "2021.08.05"]
[Round "5"]
[White "fhunfi"]
[Black "Portola"]
[Result "1/2-1/2"]
[WhiteElo "1798"]
[BlackElo "1711"]
[Opening "French: Rubinstein variation"]
[ECO "C10"]
[Time "08:30:50"]
[TimeControl "2700+45"]

1. e4 e6 2. d4 d5 3. Nc3 dxe4 4. Nxe4 Be7 5. Bd3 Nd7 6. Qe2 b6 7. Nf3 Bb7 8. Bf4
Ngf6 9. O-O-O Nd5 10. Bd2 Nb4 11. Bc4 Nf6 12. Nxf6+ gxf6 13. Rhe1 Nd5 14. Bxd5
Bxd5 15. c4 Bb7 16. Bc3 c6 17. Kb1 Qd7 18. Rd2 O-O-O 19. Red1 Rhe8 20. Qd3 Rh8
21. Qc2 Kb8 22. Qb3 Rhg8 23. Ne1 Qc7 24. g3 Ka8 25. Nd3 c5 26. dxc5 bxc5 27. Nf4
Rxd2 28. Rxd2 Rd8 29. Qd1 Rxd2 30. Qxd2 Qc6 31. a3 Qe4+ 32. Qd3 Qh1+ 33. Ka2 Be4
34. Qd2 Bb1+ 35. Ka1 Bd3+ 36. Ka2 Bxc4+ 37. b3 Bb5 38. h4 Bc6 39. Ba5 Be4 40.
Qe1 Qf3 41. Qd2 c4 42. Bc3 cxb3+ 43. Kxb3 Bc6 44. Kb2 e5 45. Nd3 Qh1 46. Bb4 Bd8
47. Nxe5 Bb6 48. Nxc6 Qxc6 49. Qf4 Bc7 50. Qd2 Qb5 51. Kc2 Qa4+ 52. Kb2 Qb5 53.
Kc2 Qf5+ 54. Kb2 Qe5+ 55. Bc3 Qb5+ 56. Ka2 Qc4+ 57. Kb2 Qe6 58. Qd4 f5 59. Qh8+
Kb7 60. Qd4 Bb6 61. Qd2 Bc5 62. Qc2 Qb6+ 63. Ka2 Qe6+ 64. Kb2 a6 65. f3 Qd5 66.
g4 fxg4 67. fxg4 h6 68. Qd2 Qe6 69. Qg2+ Ka7 70. Qf3 Qe7 71. h5 Bxa3+ 72. Ka2
Bc5 73. Qf5 Qe2+ 74. Kb1 Qb5+ 75. Ka1 Qa4+ 76. Kb1 Qb3+ 77. Bb2 Qd1+ 78. Ka2
Qa4+ 79. Kb1 Qd1+ 80. Ka2 Qa4+ 81. Kb1 {Game drawn by mutual agreement} 1/2-1/2

[Event "Team 45 45 League T89"]
[Site "Internet Chess Club"]
[Date "2021.08.07"]
[Round "5"]
[White "mongmong"]
[Black "Draconian"]
[Result "0-1"]
[WhiteElo "1551"]
[BlackElo "1730"]
[Opening "Dutch"]
[ECO "A87"]
[Time "18:30:32"]
[TimeControl "2700+45"]

1. d4 f5 2. Nf3 Nf6 3. g3 g6 4. Bg2 Bg7 5. O-O O-O 6. c4 d6 7. Nc3 Qe8 8. b3 e5
9. dxe5 dxe5 10. e4 Nc6 11. Nd5 Qd7 12. exf5 e4 13. Ng5 gxf5 14. Rb1 Nxd5 15.
cxd5 Nd4 16. Bf4 c6 17. dxc6 bxc6 18. Nh3 Ba6 19. Re1 Rad8 20. Kh1 Qf7 21. Be3
Nf3 22. Qc1 Nxe1 23. Qxe1 Bd4 24. Bg5 Rd5 25. Nf4 Rd6 26. Ne2 Bb6 27. Qc3 {White
resigns} 0-1

[Event "Team 45 45 League T89"]
[Site "Internet Chess Club"]
[Date "2021.08.09"]
[Round "5"]
[White "trogers41"]
[Black "rubo"]
[Result "1/2-1/2"]
[WhiteElo "1285"]
[BlackElo "1482"]
[Opening "Ruy Lopez: Schliemann defense, Berger variation"]
[ECO "C63"]
[Time "17:00:30"]
[TimeControl "2700+45"]

1. e4 e5 2. Nf3 Nc6 3. Bb5 f5 4. Nc3 fxe4 5. Nxe4 Nf6 6. Nxf6+ gxf6 7. d3 Bg7 8.
Bd2 O-O 9. O-O d6 10. h3 Be6 11. Qc1 Kh8 12. Re1 Rg8 13. d4 Bd5 14. Bxc6 Bxc6
15. dxe5 Bxf3 16. gxf3 fxe5 17. Kh2 Qh4 18. Be3 Bh6 19. Rg1 Bf4+ 20. Bxf4 Qxf2+
21. Kh1 Qxf3+ 22. Kh2 Rxg1 23. Qxg1 Qxf4+ 24. Qg3 Qd2+ 25. Qg2 Qxg2+ 26. Kxg2
Rg8+ 27. Kf3 d5 28. c3 e4+ 29. Kf4 Rg6 30. Ke5 c6 31. c4 e3 32. cxd5 cxd5 33.
Kxd5 e2 34. Re1 Rg2 35. Ke4 Rh2 36. Kf4 Rf2+ 37. Kg3 Rf7 38. Rxe2 Kg7 39. Rf2 h5
40. Rxf7+ Kxf7 41. Kf4 Kf6 42. h4 b6 43. b3 a6 44. a3 b5 45. b4 Ke6 46. Kg5 Ke5
47. Kxh5 Kf5 48. Kh6 Kf6 49. Kh5 {Game drawn by mutual agreement} 1/2-1/2

[Event "Team 45 45 League T89"]
[Site "Internet Chess Club"]
[Date "2021.08.05"]
[Round "5"]
[White "nosir"]
[Black "Fulmar"]
[Result "1-0"]
[WhiteElo "1445"]
[BlackElo "1168"]
[Opening "Réti opening"]
[ECO "A05"]
[Time "19:30:35"]
[TimeControl "2700+45"]

1. Nf3 Nf6 2. d3 d6 3. e4 e5 4. g3 Be7 5. Bg2 h6 6. Nbd2 Nc6 7. Nf1 Be6 8. Ne3
d5 9. exd5 Nxd5 10. O-O Nf6 11. Re1 Qd7 12. b3 Bh3 13. Bb2 Bb4 14. Re2 Qe6 15.
Bxh3 Qxh3 16. Nxe5 Nxe5 17. Bxe5 O-O-O 18. c3 Be7 19. Nc4 Ng4 20. f3 Nxe5 21.
Nxe5 Bd6 22. Nxf7 Rhe8 23. Nxd6+ cxd6 24. Rxe8 Rxe8 25. Qd2 Qe6 26. f4 g6 27.
Rf1 Qe3+ 28. Qxe3 Rxe3 29. Rd1 Kd7 30. Kf2 Re8 31. Re1 Rxe1 32. Kxe1 Ke6 33. c4
d5 34. cxd5+ Kxd5 35. Ke2 Kd4 36. g4 g5 37. f5 Ke5 38. d4+ Kd5 39. Ke3 a5 40. f6
Ke6 41. d5+ Kxf6 42. Ke4 Ke7 43. Ke5 b5 44. d6+ Kd7 45. Kd5 b4 46. Kc5 Kd8 47.
Kb5 Kd7 48. Kxa5 Kxd6 49. Kxb4 Kc6 50. a4 Kb7 51. Kc5 Ka6 52. b4 Kb7 53. b5 h5
54. gxh5 g4 55. h6 g3 56. hxg3 Ka7 57. h7 Kb7 58. h8=Q Ka7 59. Qg7+ Ka8 60. Kb6
Kb8 61. Qg8# {Black checkmated} 1-0

[Event "Team 45 45 League T89"]
[Site "Internet Chess Club"]
[Date "2021.08.07"]
[Round "5"]
[White "room-matt"]
[Black "MacroPawn"]
[Result "0-1"]
[WhiteElo "1784"]
[BlackElo "1815"]
[Opening "Sicilian: accelerated fianchetto, modern variation"]
[ECO "B34"]
[Time "11:00:44"]
[TimeControl "2700+45"]

1. e4 c5 2. Nf3 Nc6 3. d4 cxd4 4. Nxd4 g6 5. Nc3 Bg7 6. Be3 Qa5 7. Qd2 Nf6 8.
Nxc6 dxc6 9. O-O-O Be6 10. a3 Ng4 11. Be2 Bxc3 12. Qxc3 Qxc3 13. bxc3 Nxe3 14.
fxe3 f6 15. g4 Kf7 16. Rd4 c5 17. Rd2 Rhc8 18. h4 h6 19. Rf1 Rd8 20. Rd3 Re8 21.
Rd2 Kg7 22. Rfd1 c4 23. Bf3 Rab8 24. Rg1 b5 25. Rgd1 Rec8 26. Rd4 a5 27. Kb2 Kf7
28. Be2 Ke8 29. Bf3 Rc5 30. Kc1 Re5 31. Kb2 Rc8 32. R1d2 b4 33. axb4 axb4 34.
Bd1 Ra5 35. Be2 bxc3+ 36. Kxc3 Ra3+ 37. Kb4 Rxe3 38. Bxc4 Rxc4+ 39. Rxc4 Bxc4
40. Kxc4 Rxe4+ 41. Rd4 Re2 42. Kd3 Rh2 43. c4 Rh3+ 44. Kd2 Rxh4 45. c5 e5 46.
Rd5 Rxg4 47. Kc3 Rd4 48. Rxd4 exd4+ 49. Kxd4 g5 50. c6 Kd8 51. Kc5 Kc7 {White
resigns} 0-1

[Event "Team 45 45 League T89"]
[Site "Internet Chess Club"]
[Date "2021.08.08"]
[Round "5"]
[White "gera-carp75"]
[Black "Zugzwanged"]
[Result "1/2-1/2"]
[WhiteElo "1842"]
[BlackElo "1709"]
[Opening "French: Tarrasch, Guimard main line"]
[ECO "C04"]
[Time "10:16:39"]
[TimeControl "2700+45"]

1. e4 e6 2. d4 d5 3. Nd2 Nc6 4. Ngf3 Nf6 5. e5 Nd7 6. Be2 f6 7. exf6 Qxf6 8. Nf1
Bd6 9. Ne3 O-O 10. O-O Qg6 11. c4 Nf6 12. c5 Be7 13. Bb5 Bd7 14. a4 b6 15. Bxc6
Bxc6 16. Ne5 Qe8 17. b4 bxc5 18. dxc5 a6 19. f3 Rb8 20. Nxc6 Qxc6 21. Nc2 Rxb4
22. Nxb4 Bxc5+ 23. Kh1 Bxb4 24. Bb2 a5 25. Rf2 Qd7 26. Re2 c5 27. Ba3 Rc8 28.
Bxb4 cxb4 29. Qd3 Qc6 30. Qb5 Qxb5 31. axb5 Kf7 32. Kg1 Ra8 33. Rc2 a4 34. Rc7+
Kg6 35. b6 a3 36. b7 Rb8 37. Kf2 d4 38. Re7 Kf5 39. Rxg7 Nd5 40. Rxh7 Nc3 41.
Re1 b3 42. Rh6 b2 43. Rhxe6 Nd1+ 44. Kg1 Ne3 45. Rb6 Nc4 46. g4+ Kf4 47. Rf6+
Kg5 48. Rf5+ Kg6 49. Rb5 a2 50. h4 a1=Q 51. Rg5+ Kh6 52. Rh5+ Kg7 53. Rg5+ Kf7
54. Rf5+ Kg7 55. Rg5+ Kh7 {Game drawn by mutual agreement} 1/2-1/2

[Event "Team 45 45 League T89"]
[Site "Internet Chess Club"]
[Date "2021.08.08"]
[Round "5"]
[White "vollmerj"]
[Black "evan7284"]
[Result "0-1"]
[WhiteElo "1459"]
[BlackElo "1665"]
[Opening "Réti opening"]
[ECO "A05"]
[Time "09:00:27"]
[TimeControl "2700+45"]

1. Nf3 Nf6 2. g3 d5 3. Bg2 Bg4 4. O-O e6 5. c4 c6 6. Qb3 Qb6 7. Qxb6 axb6 8.
cxd5 exd5 9. d3 Nbd7 10. Nc3 Bc5 11. e4 dxe4 12. Nxe4 Nxe4 13. dxe4 O-O 14. Bd2
Rfe8 15. Rfe1 Nf6 16. e5 Nd5 17. a3 Rad8 18. Bg5 Rd7 19. b4 Bxf3 20. Bxf3 Bd4
21. Rad1 Bxe5 22. Bg4 Rc7 23. Bf4 f6 24. Bf3 Rd7 25. b5 Kf8 26. bxc6 bxc6 27.
Bg4 Ra7 28. Bf3 Bxf4 29. Rxe8+ Kxe8 30. gxf4 Rxa3 31. Bxd5 cxd5 32. Rxd5 Ra7 33.
Rb5 Rb7 34. Kf1 Kd7 35. Ke2 Kc6 36. Rh5 h6 37. Rh3 b5 38. Kd2 Kd5 39. Kc2 Ke4
40. Re3+ Kxf4 41. Kb3 Rd7 42. Rg3 h5 43. Rh3 Rd5 44. Kc3 g6 45. Rg3 g5 46. h3 f5
47. Re3 g4 48. hxg4 fxg4 49. Re8 h4 50. Rh8 h3 51. Kb4 Kf3 52. Rf8+ Kg2 53. Rg8
Kxf2 54. Rxg4 Rh5 55. Rd4 h2 56. Rd2+ Ke1 57. Rxh2 Rxh2 58. Kxb5 Rc2 59. Kb4 Kd2
60. Kb3 Kd3 61. Kb4 Rc1 62. Kb5 Kd4 63. Kb6 Kd5 64. Kb7 Kd6 65. Kb6 Rb1+ 66. Ka5
Kc5 67. Ka4 Rb8 68. Ka3 Kc4 69. Ka2 Kc3 70. Ka1 Kc2 71. Ka2 Ra8# {White
checkmated} 0-1

[Event "Team 45 45 League T89"]
[Site "Internet Chess Club"]
[Date "2021.08.10"]
[Round "5"]
[White "GoIrish"]
[Black "Signofthetimes"]
[Result "1-0"]
[WhiteElo "1534"]
[BlackElo "1580"]
[Opening "Queen's pawn"]
[ECO "A40"]
[Time "10:00:41"]
[TimeControl "2700+45"]

1. d4 c6 2. Nf3 d5 3. g3 Nf6 4. Bg2 Bf5 5. c4 dxc4 6. Nbd2 b5 7. a4 Qa5 8. O-O
e6 9. Ne5 Qb6 10. axb5 Qxb5 11. Qa4 Qxa4 12. Rxa4 Nfd7 13. Nxc6 Nxc6 14. Bxc6
Rc8 15. Bb5 c3 16. bxc3 Rc7 17. Nc4 f6 18. Bf4 e5 19. dxe5 Rxc4 20. Rxc4 {Black
resigns} 1-0

[Event "Team 45 45 League T89"]
[Site "Internet Chess Club"]
[Date "2021.08.08"]
[Round "5"]
[White "Goli"]
[Black "Ajolote"]
[Result "1/2-1/2"]
[WhiteElo "1759"]
[BlackElo "1934"]
[Opening "Sicilian: Alapin's variation (2.c3)"]
[ECO "B22"]
[Time "16:33:01"]
[TimeControl "2700+45"]

1. e4 c5 2. c3 Nf6 3. e5 Nd5 4. d4 cxd4 5. cxd4 d6 6. Nf3 Nc6 7. Bc4 Nb6 8. Bb5
Bd7 9. Qe2 dxe5 10. dxe5 e6 11. O-O a6 12. Bd3 Nb4 13. Rd1 Nxd3 14. Qxd3 Be7 15.
Nc3 Bc6 16. Qxd8+ Rxd8 17. Rxd8+ Bxd8 18. Nd4 Bd5 19. Nxd5 Nxd5 20. Bd2 Bb6 21.
Nf3 h6 22. Rc1 Kd7 23. g3 Ba7 24. h4 b5 25. b4 Bb8 26. Kf1 Nb6 27. Be3 Nc4 28.
Rd1+ Kc8 29. Bd4 Rd8 30. Ke2 Rd5 31. Rc1 Kb7 32. Bc5 Bxe5 33. Nxe5 Nxe5 34. Bf8
g6 35. Bxh6 Rd4 36. Bf4 Re4+ 37. Kf1 Nc6 38. a3 e5 39. Be3 f5 40. Bc5 Rc4 41.
Rxc4 bxc4 42. Ke2 Nd4+ 43. Bxd4 exd4 44. f3 Kc6 45. g4 Kd5 46. Kd2 fxg4 47. fxg4
Ke4 48. h5 gxh5 49. gxh5 c3+ 50. Kd1 Ke3 51. h6 d3 52. h7 c2+ 53. Kc1 Ke2 54.
h8=Q d2+ 55. Kxc2 d1=Q+ 56. Kb2 Qd2+ {Game drawn by mutual agreement} 1/2-1/2

[Event "Team 45 45 League T89"]
[Site "Internet Chess Club"]
[Date "2021.08.10"]
[Round "5"]
[White "cityprosecutor"]
[Black "manfredo"]
[Result "1-0"]
[WhiteElo "1697"]
[BlackElo "1571"]
[Opening "Scotch: Göring gambit"]
[ECO "C44"]
[Time "13:11:55"]
[TimeControl "2700+45"]

1. e4 e5 2. Nf3 Nc6 3. d4 exd4 4. c3 d5 5. exd5 Qxd5 6. cxd4 Bg4 7. Be2 O-O-O 8.
Nc3 Bb4 9. O-O Qd7 10. Qb3 f6 11. d5 Bxc3 12. dxc6 Bb4 13. cxd7+ {Black resigns}
1-0

[Event "Team 45 45 League T89"]
[Site "Internet Chess Club"]
[Date "2021.08.09"]
[Round "5"]
[White "fireball"]
[Black "ascoli"]
[Result "0-1"]
[WhiteElo "1524"]
[BlackElo "1609"]
[Opening "French: advance, Nimzovich system"]
[ECO "C02"]
[Time "10:02:41"]
[TimeControl "2700+45"]

1. e4 e6 2. d4 d5 3. e5 c5 4. Nf3 cxd4 5. Bd3 Nc6 6. O-O Bc5 7. a3 a6 8. b4 Bb6
9. Nbd2 Nge7 10. Nb3 Bd7 11. Ng5 Nxe5 12. f4 Nxd3 13. Qxd3 Bb5 14. Qf3 d3+ 15.
Kh1 dxc2 16. Re1 O-O 17. Bb2 h6 18. Nh3 Nf5 19. g4 Nh4 20. Qg3 Ng6 21. f5 exf5
22. gxf5 d4 23. Nf2 Qd5+ 24. Ne4 Qxf5 25. Nxd4 Bxd4 26. Bxd4 Bc6 27. h4 Bxe4+
28. Kh2 Qf3 29. Qxf3 Bxf3 30. Kg3 Bh5 31. Rac1 Bd1 32. Rf1 Rfd8 33. Bb2 Rd3+ 34.
Kh2 Rb3 35. Bd4 Re8 {White resigns} 0-1

[Event "Team 45 45 League T89"]
[Site "Internet Chess Club"]
[Date "2021.08.06"]
[Round "5"]
[White "mongmong"]
[Black "Gojira"]
[Result "1-0"]
[WhiteElo "1560"]
[BlackElo "1548"]
[Opening "QGD Slav: 4.e3 Bf5"]
[ECO "D12"]
[Time "19:03:46"]
[TimeControl "2700+45"]

1. d4 d5 2. Nf3 Nf6 3. e3 Bf5 4. c4 c6 5. Nc3 e6 6. Nh4 Bg4 7. Qb3 Qc7 8. h3 Bh5
9. g4 Bg6 10. Nxg6 hxg6 11. Bg2 Nbd7 12. Bd2 Nb6 13. cxd5 Nbxd5 14. Nxd5 Nxd5
15. O-O-O a5 16. Kb1 a4 17. Qd3 a3 18. b3 Bb4 19. Rc1 Qa5 20. Bxd5 Bxd2 21. Rc2
cxd5 22. Qxd2 Qxd2 23. Rxd2 Rc8 24. Rc2 Kd7 25. Rxc8 Rxc8 26. Rc1 Rh8 27. Rh1
Kc6 28. Kc2 Kb5 29. Kc3 Rc8+ 30. Kd2 Kb4 31. h4 Rc3 32. h5 g5 33. h6 gxh6 34.
Rxh6 Rxb3 35. axb3 Kxb3 36. Rh1 Kb2 37. f4 gxf4 38. exf4 a2 39. Kd3 a1=Q 40.
Rxa1 Kxa1 41. Kc3 Ka2 42. Kb4 Kb2 43. Kc5 b5 44. Kxb5 Kc3 45. Kc5 Kd3 46. f5
exf5 47. gxf5 Ke4 48. f6 Kf5 49. Kxd5 Kxf6 50. Kd6 Kg5 51. Kc7 f5 52. d5 f4 53.
d6 f3 54. d7 f2 55. d8=Q+ Kg4 56. Qd1+ Kg3 57. Qf1 {Black resigns} 1-0

[Event "Team 45 45 League T89"]
[Site "Internet Chess Club"]
[Date "2021.08.06"]
[Round "5"]
[White "rkjulianjr"]
[Black "g8wrb"]
[Result "0-1"]
[WhiteElo "1293"]
[BlackElo "1347"]
[Opening "Nimzo-Indian: Fischer variation, 5.Ne2"]
[ECO "E44"]
[Time "13:02:50"]
[TimeControl "2700+45"]

1. d4 e6 2. c4 Nf6 3. Nc3 Bb4 4. e3 b6 5. Ne2 Bb7 6. a3 Be7 7. d5 O-O 8. Ng3 Na6
9. Be2 exd5 10. cxd5 Nc5 11. b4 Na6 12. O-O Bd6 13. e4 Re8 14. Bf3 Be5 15. Bb2
d6 16. Qd2 Qd7 17. Qe2 Bxc3 18. Bxc3 Nxd5 19. Qb2 Nxc3 20. Qxc3 Rac8 21. h3 Qe7
22. Rfe1 Qe5 23. Qb3 Nb8 24. Bh5 Qe6 25. Qf3 Rcd8 26. Bg4 Qe5 27. Bh5 Rf8 28.
Rac1 c6 29. Bg4 Nd7 30. Bf5 Nf6 31. Nh5 Nxh5 32. Qxh5 g6 33. Qg4 Qg7 34. Qf3
gxf5 35. exf5 Rfe8 36. Re7 Rxe7 37. f6 Qg6 38. fxe7 Re8 39. Re1 f6 40. Qb3+ Qf7
41. Qg3+ Kh8 42. Qxd6 Qg6 43. Qc7 Bc8 44. Kf1 Qd3+ 45. Kg1 Qd7 46. Qf4 Qf5 47.
Qc7 Be6 48. Qxc6 Rxe7 49. Qa8+ Kg7 50. Re3 Rf7 51. Rg3+ Kh6 52. Rf3 Bd5 53. Qe8
Qb1+ 54. Kh2 Bxf3 55. Qxf7 Bh5 56. Qxf6+ Qg6 57. Qf8+ Qg7 58. Qf4+ Qg5 59. Qf8+
Kg6 60. Qg8+ Kh6 61. Qf8+ Kg6 62. Qg8+ Kf6 63. Qxh7 Qe5+ 64. g3 Bf7 65. Qh8+ Ke6
66. Qxe5+ Kxe5 67. h4 Bh5 68. Kh3 Kf5 69. g4+ Bxg4+ 70. Kg3 Bh5 71. f3 Ke5 72.
b5 Kf5 73. f4 Be2 74. a4 Bd1 75. h5 Kf6 76. Kh4 Bxa4 77. Kg4 Bxb5 78. f5 Be2+
79. Kf4 Bxh5 80. Ke4 a5 81. Kd4 Bd1 82. Kc3 b5 83. Kd2 Bg4 84. Kc3 Bxf5 85. Kb2
Ke6 86. Kc3 Kd5 87. Kb2 Kc4 88. Ka3 Kc3 89. Ka2 b4 90. Ka1 Bc8 91. Kb1 Kb3 92.
Ka1 a4 93. Kb1 a3 94. Ka1 Kc2 95. Ka2 b3+ 96. Ka1 b2+ {White resigns} 0-1

[Event "Team 45 45 League T89"]
[Site "Internet Chess Club"]
[Date "2021.08.06"]
[Round "5"]
[White "SeniorCitizen"]
[Black "CMAlge"]
[Result "1-0"]
[WhiteElo "1247"]
[BlackElo "1265"]
[Opening "Danish gambit"]
[ECO "C21"]
[Time "13:00:49"]
[TimeControl "2700+45"]

1. e4 e5 2. d4 exd4 3. c3 Qe7 4. Bd3 Nc6 5. Nf3 d5 6. O-O dxe4 7. Bxe4 Nf6 8.
Bxc6+ bxc6 9. Nxd4 Qd6 10. Bg5 Be7 11. Nd2 Ng4 12. N2f3 Bxg5 13. h3 Bf6 14. hxg4
Bxg4 15. Qe2+ Kd7 16. Qe4 Be6 17. Nxe6 Qxe6 18. Rfe1 Rae8 19. Rad1+ Kc8 20. Qa4
Qf5 21. Qxa7 Qb5 22. Qa8+ Qb8 23. Qxc6 Rxe1+ 24. Rxe1 Rd8 25. Qa6+ Qb7 26. Qxb7+
Kxb7 27. Re2 Rd1+ 28. Kh2 Ra1 29. a3 Ra2 30. Nd4 Bxd4 31. cxd4 Kc6 32. Kg3 Kd5
33. Kf3 Kxd4 34. Re7 Rxb2 35. Rxf7 Rb3+ 36. Kg4 Rxa3 37. Rxc7 Ra2 38. Kg3 h5 39.
Rxg7 h4+ 40. Kxh4 Rxf2 41. Rg3 Ke4 42. Kh3 Kf4 43. Rg4+ Kf5 44. Kh4 Rf1 45. Kg3
Rd1 46. Rf4+ Kg5 47. Rf2 Rd3+ 48. Rf3 Rd4 49. Kh2 Kg4 50. Rf2 Rd6 51. g3 Rh6+
52. Kg2 Rh5 53. Rf4+ Kg5 54. Kf3 Rh1 55. Kg2 Rc1 56. Rd4 Rc2+ 57. Kh3 Rc3 58.
Rd5+ Kg6 59. Kh4 Rc4+ 60. g4 Rc1 61. Rd6+ Kg7 62. Kg5 Rg1 63. Rd7+ Kf8 64. Rd4
Kg7 65. Rf4 Rg2 66. Kf5 Kh6 67. Rf3 Rg1 68. Rh3+ Kg7 69. Rh5 Rf1+ 70. Kg5 Rf6
71. Rh7+ Kxh7 72. Kxf6 Kg8 73. g5 Kf8 74. g6 Kg8 75. g7 {Black resigns} 1-0